 Dungeon Crawl Stone Soup version 0.28-a0-863-g8cecda6153 (webtiles) character file.

Game seed: 8663336523482533309

17418 Gargoyl the Fighter (level 12, -1/82 (97) HPs)
             Began as a Gnoll Abyssal Knight on Nov 17, 2021.
             Was a Priest of Lugonu.
             Slain by Rupert (2 damage)
             ... on level 3 of the Lair of Beasts.
             The game lasted 00:17:25 (16644 turns).

Gargoyl the Fighter (Gnoll Abyssal Knight)         Turns: 16644, Time: 00:17:26

HP:   -1/82 (97)    AC: 15    Str: 24    XL:     12   Next: 47%
MP:   23/23         EV: 15    Int:  9    God:    Lugonu [***...]
Gold: 1781          SH:  0    Dex: 13    Spells: 25/25 levels left

rFire   . . .      SeeInvis .   a - +2 hand axe (vorpal)
rCold   . . .      Faith    .   (no shield)
rNeg    . . .      Spirit   .   c - +1 chain mail
rPois   .          Reflect  .   e - +0 helmet
rElec   .          Harm     .   k - +1 cloak
rCorr   .          Rampage  .   x - +1 pair of gloves
Will    .....                   b - +0 pair of boots
Stlth   ..........              v - amulet of magic regeneration
HPRegen 0.23/turn               j - +4 ring of evasion
MPRegen 0.43/turn               r - +6 ring of strength

@: heavily drained
A: fangs 1, strong nose, distributed training, deformed body, evolution 1
a: Renounce Religion, Depart the Abyss, Bend Space, Banish


You were on level 3 of the Lair of Beasts.
You worshipped Lugonu.
Lugonu was most pleased with you.
You visited 2 branches of the dungeon, and saw 12 of its levels.
You visited the Abyss 1 time.

You collected 2024 gold pieces.
You spent 243 gold pieces at shops.

Inventory:

Hand Weapons
 a - a +2 vorpal hand axe (weapon)
Missiles
 i - 3 curare-tipped darts
 q - 27 poisoned darts (quivered)
Armour
 b - a +0 pair of boots (worn)
 c - a +1 chain mail (worn)
 e - a +0 helmet (worn)
 k - a +1 cloak (worn)
 x - a +1 pair of gloves (worn)
Jewellery
 j - a +4 ring of evasion (left hand)
 r - a +6 ring of strength (right hand)
 v - an amulet of magic regeneration (around neck)
Wands
 m - a wand of iceblast (39)
Scrolls
 l - a scroll of brand weapon
 s - 2 scrolls of teleportation
 w - a scroll of enchant weapon
Potions
 d - 3 potions of brilliance
 f - 4 potions of curing
 g - 2 potions of heal wounds
 h - a potion of haste
 n - 2 potions of mutation
 o - a potion of flight
 p - a potion of resistance
 t - 2 potions of attraction {unknown}
 u - a potion of invisibility {unknown}


   Skills:
 + Level 9.9 Fighting
 + Level 7.3 Short Blades
 + Level 7.3 Long Blades
 + Level 8.7 Axes
 + Level 7.3 Maces & Flails
 + Level 7.3 Polearms
 + Level 7.3 Staves
 + Level 7.3 Slings
 + Level 7.3 Bows
 + Level 7.3 Crossbows
 + Level 7.3 Throwing
 + Level 8.7 Armour
 + Level 7.8 Dodging
 + Level 7.3 Stealth
 + Level 7.3 Shields
 + Level 7.3 Unarmed Combat
 + Level 7.3 Spellcasting
 + Level 6.1 Conjurations
 + Level 6.1 Hexes
 + Level 6.1 Summonings
 + Level 6.1 Necromancy
 + Level 6.1 Translocations
 + Level 6.1 Transmutations
 + Level 6.1 Fire Magic
 + Level 6.1 Ice Magic
 + Level 6.1 Air Magic
 + Level 6.1 Earth Magic
 + Level 6.1 Poison Magic
 + Level 9.3 Invocations
 + Level 7.3 Evocations


You had 25 spell levels left.
You didn't know any spells.
Your spell library contained the following spells:

 Spells                   Type           Power      Damage    Failure   Level
 Animate Skeleton         Necr           28%        N/A       9%          1
 Magic Dart               Conj           56%        1d5       9%          1
 Pain                     Necr           56%        1d6       9%          1
 Call Imp                 Summ           14%        N/A       13%         2
 Inner Flame              Hex/Fire       14%        N/A       26%         3
 Mephitic Cloud           Conj/Pois/Air  14%        N/A       26%         3
 Portal Projectile        Hex/Tloc       28%        N/A       26%         3
 Vampiric Draining        Necr           14%        2d7       26%         3
 Cause Fear               Hex            7%         N/A       65%         4
 Blade Hands              Tmut           7%         N/A       94%         5
 Excruciating Wounds      Necr           7%         N/A       94%         5
 Dragon Form              Tmut           7%         N/A       100%        7
 Discord                  Hex            7%         N/A       100%        8
 Dragon's Call            Summ           7%         N/A       100%        9


Dungeon Overview and Level Annotations

Branches:
Dungeon (9/15)             Temple (0/1) D:4            Lair (3/6) D:8
  Swamp: Lair:2-4    Shoals: Lair:2-4     Snake: Lair:2-4    Spider: Lair:2-4
    Orc: D:9-12

Altars:
Nemelex Xobeh

Shops:
D:3 [   D:9 *

Annotations:
D:4 2 transporters, tensugalgo's ghost, novice OgCK
Lair:3 Rupert
Abyss:1 wpisznazwe's ghost, novice TrAr


Innate Abilities, Weirdness & Mutations

You have very sharp teeth.
Your uncanny sense of smell can sniff out nearby items.
Your experience applies equally to all skills.
Armour fits poorly on your strangely shaped body.
You have hidden genetic potential.


Message History

Throw: 30 darts (poison)
Press: ? - help, Q - select action, (/) - cycle Shift-Dir - straight line, f/p - Rupert
Aim: Rupert, wielding a +2 battleaxe of draining and wearing a +0 ring mail (lightly wounded, extremely poisoned, 69% to hit)
You throw a poisoned dart. The poisoned dart hits Rupert.
Rupert looks as sick as possible!
Rupert is lightly wounded.
Throw: 29 darts (poison)
Press: ? - help, Q - select action, (/) - cycle Shift-Dir - straight line, f/p - Rupert
Aim: Rupert, wielding a +2 battleaxe of draining and wearing a +0 ring mail (lightly wounded, extremely poisoned, 69% to hit)
You throw a poisoned dart. The poisoned dart hits Rupert!
Rupert looks as sick as possible!
Rupert is lightly wounded.
Throw: 28 darts (poison)
Press: ? - help, Q - select action, (/) - cycle Shift-Dir - straight line, f/p - Rupert
Aim: Rupert, wielding a +2 battleaxe of draining and wearing a +0 ring mail (lightly wounded, extremely poisoned, 69% to hit)
You throw a poisoned dart. The poisoned dart hits Rupert!
Rupert looks as sick as possible!
Rupert is lightly wounded.
Rupert roars wildly at you.
You are confused.
You're too confused to move!
Rupert roars madly and goes into a rage!
Rupert goes berserk!
Unknown command.
You bump into the tree.
Rupert barely misses you.
Rupert hits you with a +2 battleaxe of draining!!
You feel drained.
Rupert hits you with a +2 battleaxe of draining!!
You feel drained.
Rupert hits you with a +2 battleaxe of draining!!
* * * LOW HITPOINT WARNING * * *
You feel drained.
* * * LOW HITPOINT WARNING * * *
Unknown command.
You bump into the tree.
You feel less confused.
Rupert hits you with a +2 battleaxe of draining.
* * * LOW HITPOINT WARNING * * *
You feel drained.
You die...

####.##.#.#.#
#...#+##..#
#.....###.#
#.......'.#
#.....###.# .
#.#.#.###.# ...
♣#.###.#.P.#
.....♣♣@.###.....#
.PP....@♣........#
(((((...♣........#
(................P#
........P♣.......##
.........♣P.......#
####......♣......P#
∆#P.......#....P# ∆
#P.......##....#


You could see Rupert (berserk, extremely poisoned).

Vanquished Creatures
  2 two-headed ogres (D:9)
  The ghost of Zigma the Martial Artist, a novice OpTm (D:8)
  Pikel (D:6)
  An ugly thing (D:9)
  Maggie (D:6)
  A komodo dragon (Lair:1)
  3 cane toads (Lair:2)
  A kobold demonologist (D:9)
  A polar bear (Lair:3)
  3 blink frogs (Lair:2)
  2 basilisks (D:8)
  25 yaks
  2 wyverns
  4 humans (D:7)
  A steam dragon (D:9)
  9 water moccasins
  3 ice beasts
  2 hornet zombies (D:6)
  A sky beast (D:5)
  3 black bears
  9 ogres
  A centaur (D:6)
  2 lemures (D:6)
  A phantom (D:5)
  2 kobold brigands (D:9)
  6 bullfrogs
  2 wyvern zombies
  2 scorpions
  2 water moccasin zombies
  3 killer bees (D:9)
  An electric eel (D:9)
  2 howler monkeys
  6 centaur zombies
  5 bullfrog zombies (D:6)
  5 hounds
  2 jellies (D:5)
  2 centaur skeletons (D:6)
  2 bullfrog skeletons (D:6)
  2 gnoll shamans
  5 iguanas
  5 orc wizards
  2 hell rats (Lair:1)
  A scorpion zombie (D:5)
  3 hound skeletons (D:5)
  2 howler monkey zombies
  8 adders
  7 gnolls
  7 river rats (Lair:1)
  A shadow imp (D:6)
  A white imp (D:5)
  An adder skeleton (D:4)
  2 worms
  18 orcs
  7 endoplasms
  3 giant cockroaches
  10 goblins
  11 hobgoblins
  4 jackals (D:1)
  10 kobolds
  3 quokkas
  6 ball pythons
  3 bats
  A frilled lizard (D:1)
  3 rats
248 creatures vanquished.

Vanquished Creatures (collateral kills)
  An orc priest (D:3)
1 creature vanquished.

Vanquished Creatures (others)
  21 fungi
  24 plants
45 creatures vanquished.

Grand Total: 294 creatures vanquished

Notes
Turn   | Place    | Note
-------+----------+-------------------------------------------
     0 | Abyss:1  | Gargoyl the Gnoll Abyssal Knight began the quest for the
                  | Orb.
     0 | Abyss:1  | Reached XP level 1. HP: 23/23 MP: 3/3
    91 | Abyss:2  | Noticed a sixfirhy
    94 | D:1      | Escaped the Abyss
   130 | D:1      | Reached * piety under Lugonu
   361 | D:2      | Reached XP level 2. HP: 21/29 MP: 5/5
   734 | D:1      | Reached XP level 3. HP: 29/35 MP: 6/6
  1401 | D:2      | Reached ** piety under Lugonu
  1423 | D:2      | Reached skill level 1 in Short Blades
  1423 | D:2      | Reached skill level 1 in Long Blades
  1423 | D:2      | Reached skill level 1 in Maces & Flails
  1423 | D:2      | Reached skill level 1 in Polearms
  1423 | D:2      | Reached skill level 1 in Staves
  1423 | D:2      | Reached skill level 1 in Slings
  1423 | D:2      | Reached skill level 1 in Bows
  1423 | D:2      | Reached skill level 1 in Crossbows
  1423 | D:2      | Reached skill level 1 in Throwing
  1423 | D:2      | Reached skill level 1 in Stealth
  1423 | D:2      | Reached skill level 1 in Shields
  1423 | D:2      | Reached skill level 1 in Unarmed Combat
  1423 | D:2      | Reached skill level 1 in Spellcasting
  1423 | D:2      | Reached skill level 1 in Evocations
  1624 | D:2      | Reached XP level 4. HP: 22/41 MP: 7/7
  2588 | D:3      | Reached skill level 1 in Conjurations
  2588 | D:3      | Reached skill level 1 in Hexes
  2588 | D:3      | Reached skill level 1 in Summonings
  2588 | D:3      | Reached skill level 1 in Necromancy
  2588 | D:3      | Reached skill level 1 in Translocations
  2588 | D:3      | Reached skill level 1 in Transmutations
  2588 | D:3      | Reached skill level 1 in Fire Magic
  2588 | D:3      | Reached skill level 1 in Ice Magic
  2588 | D:3      | Reached skill level 1 in Air Magic
  2588 | D:3      | Reached skill level 1 in Earth Magic
  2588 | D:3      | Reached skill level 1 in Poison Magic
  2601 | D:3      | Reached XP level 5. HP: 35/47 MP: 8/8
  3056 | D:3      | Found Wihoid's Armour Boutique.
  3064 | D:3      | Bought a +0 pair of boots for 54 gold pieces
  3064 | D:3      | Bought a +0 helmet for 54 gold pieces
  3414 | D:4      | Noticed an ogre
  3433 | D:4      | Killed an ogre
  3434 | D:4      | Reached skill level 5 in Invocations
  3434 | D:4      | Reached XP level 6. HP: 49/53 MP: 9/9
  3463 | D:4      | Found a staircase to the Ecumenical Temple.
  3539 | D:4      | Reached skill level 5 in Axes
  3539 | D:4      | Reached skill level 5 in Armour
  3600 | D:4      | Found a transporter.
  3602 | D:4      | Noticed tensugalgo's ghost (novice OgCK)
  3610 | D:4      | Found a transporter.
  3934 | D:5      | Entered Level 5 of the Dungeon
  4393 | D:5      | Noticed a sky beast
  4410 | D:5      | Killed a sky beast
  4411 | D:5      | Reached XP level 7. HP: 49/60 MP: 10/10
  4881 | D:5      | Reached XP level 8. HP: 51/67 MP: 12/12
  5086 | D:5      | Reached *** piety under Lugonu
  5720 | D:6      | Noticed Maggie
  5728 | D:6      | Killed Maggie
  5729 | D:6      | Reached XP level 9. HP: 61/73 MP: 14/14
  5881 | D:6      | Noticed Pikel
  5948 | D:6      | Killed Pikel
  5949 | D:6      | Reached skill level 5 in Dodging
  7380 | D:6      | Reached XP level 10. HP: 73/80 MP: 17/17
  7628 | D:7      | Reached skill level 5 in Short Blades
  7628 | D:7      | Reached skill level 5 in Long Blades
  7628 | D:7      | Reached skill level 5 in Maces & Flails
  7628 | D:7      | Reached skill level 5 in Polearms
  7628 | D:7      | Reached skill level 5 in Staves
  7628 | D:7      | Reached skill level 5 in Slings
  7628 | D:7      | Reached skill level 5 in Bows
  7628 | D:7      | Reached skill level 5 in Crossbows
  7628 | D:7      | Reached skill level 5 in Throwing
  7628 | D:7      | Reached skill level 5 in Stealth
  7628 | D:7      | Reached skill level 5 in Shields
  7628 | D:7      | Reached skill level 5 in Unarmed Combat
  7628 | D:7      | Reached skill level 5 in Spellcasting
  7628 | D:7      | Reached skill level 5 in Evocations
  8044 | D:7      | Reached **** piety under Lugonu
  8186 | D:7      | Found a sparkling altar of Nemelex Xobeh.
  9119 | D:8      | HP: 3/82 [yak (12)]
  9786 | D:8      | Reached XP level 11. HP: 75/87 MP: 19/19
  9855 | D:8      | Found a staircase to the Lair.
 10198 | D:8      | Found a runed translucent gate.
 10199 | D:8      | Found a runed translucent gate.
 10199 | D:8      | Found a runed translucent gate.
 10314 | D:8      | Noticed wpisznazwe's ghost (novice TrAr)
 10314 | D:8      | Noticed Zigma's ghost (novice OpTm)
 10336 | D:8      | Banished wpisznazwe's ghost
 10337 | D:8      | Reached skill level 5 in Conjurations
 10337 | D:8      | Reached skill level 5 in Hexes
 10337 | D:8      | Reached skill level 5 in Summonings
 10337 | D:8      | Reached skill level 5 in Necromancy
 10337 | D:8      | Reached skill level 5 in Translocations
 10337 | D:8      | Reached skill level 5 in Transmutations
 10337 | D:8      | Reached skill level 5 in Fire Magic
 10337 | D:8      | Reached skill level 5 in Ice Magic
 10337 | D:8      | Reached skill level 5 in Air Magic
 10337 | D:8      | Reached skill level 5 in Earth Magic
 10337 | D:8      | Reached skill level 5 in Poison Magic
 10363 | D:8      | Killed Zigma's ghost
 10684 | D:9      | Found Ynuaps's Assorted Antiques.
 10981 | D:9      | Bought a blackened beryl amulet for 135 gold pieces
 11439 | D:9      | Noticed a two-headed ogre
 11458 | D:9      | Killed a two-headed ogre
 11684 | D:9      | Noticed a two-headed ogre
 11694 | D:9      | Killed a two-headed ogre
 11848 | D:9      | Noticed a brown ugly thing
 11867 | D:9      | Killed a brown ugly thing
 12595 | Lair:1   | Entered Level 1 of the Lair of Beasts
 12614 | Lair:1   | Identified a scroll of acquirement
 12614 | Lair:1   | Acquired 919 gold pieces
 14714 | Lair:2   | Reached XP level 12. HP: 86/96 MP: 22/22
 15897 | Lair:2   | Noticed a six-headed hydra
 15932 | Lair:2   | Banished a seven-headed hydra
 16571 | Lair:3   | Gained mutation: Armour fits poorly on your strangely
                  | shaped body. [potion of mutation]
 16571 | Lair:3   | Gained mutation: You are strong-willed. (Will+) [potion of
                  | mutation]
 16572 | Lair:3   | Lost mutation: You are strong-willed. (Will+) [potion of
                  | mutation]
 16572 | Lair:3   | Gained mutation: You have hidden genetic potential. [potion
                  | of mutation]
 16629 | Lair:3   | Noticed Rupert
 16644 | Lair:3   | HP: 1/84 [Rupert (6)]
 16644 | Lair:3   | Slain by Rupert

Illustrated notes

Levels and vault maps discovered:
D:1:      kennysheep_arrival_forest, layout_rooms, minmay_tetromino_l4
D:2:      layout_basic, guppyfry_early_orc_mine
D:3:      layout_basic, serial_shops, nicolae_diamond_shop, hex_intersection
D:4:      layout_cave_pools, minmay_temple_entry_stoned_glass,
          gammafunk_ghost_mausoleum, hangedman_abyss_or_decor_passed,
          kennysheep_generic_room_10
D:5:      minmay_polygon_palace, layout_rooms, minmay_door_square
D:6:      layout_layer_cave, serial_undead, serial_undead_b, serial_undead_d,
          serial_undead_b, serial_undead_d, uniq_maggie, uniq_pikel
D:7:      layout_cave_pools, nemelex_dance_club_becter, minmay_ruffians
D:8:      layout_basic, minmay_lair_entry_grove, gammafunk_ghost_cemetery
D:9:      layout_stronghold, serial_shops, nicolae_shop_advertising_works
          [nicolae_subvault_shop_adworks], nicolae_water_bricks
Lair:1:   layout_gridlike, kennysheep_rathole
Lair:2:   layout_cave_pods, dummy_spider_entry
Lair:3:   nzn_winding_woodlands_three_and_one
          [nzn_winding_woodlands_5x15_split_checker,
          nzn_winding_woodlands_5x15_parted, nzn_winding_woodlands_5x15_cabin,
          nzn_winding_woodlands_center_diamonds], layout_regular_city,
          minmay_shoals_entry_lonely_mermaid, grunt_forest_large_clearing_hut,
          uniq_rupert

Skill      XL: |  1  2  3  4  5  6  7  8  9 10 11 12 |
---------------+-------------------------------------+-----
Short Blades   | 1 2 3 4 5 6 7 |  7.3
Long Blades    | 1 2 3 4 5 6 7 |  7.3
Maces & Flails | 1 2 3 4 5 6 7 |  7.3
Polearms       | 1 2 3 4 5 6 7 |  7.3
Staves         | 1 2 3 4 5 6 7 |  7.3
Slings         | 1 2 3 4 5 6 7 |  7.3
Bows           | 1 2 3 4 5 6 7 |  7.3
Crossbows      | 1 2 3 4 5 6 7 |  7.3
Throwing       | 1 2 3 4 5 6 7 |  7.3
Stealth        | 1 2 3 4 5 6 7 |  7.3
Shields        | 1 2 3 4 5 6 7 |  7.3
Unarmed Combat | 1 2 3 4 5 6 7 |  7.3
Spellcasting   | 1 2 3 4 5 6 7 |  7.3
Evocations     | 1 2 3 4 5 6 7 |  7.3
Conjurations   | 1 2 3 4 5 6 |  6.1
Hexes          | 1 2 3 4 5 6 |  6.1
Summonings     | 1 2 3 4 5 6 |  6.1
Necromancy     | 1 2 3 4 5 6 |  6.1
Translocations | 1 2 3 4 5 6 |  6.1
Transmutations | 1 2 3 4 5 6 |  6.1
Fire Magic     | 1 2 3 4 5 6 |  6.1
Ice Magic      | 1 2 3 4 5 6 |  6.1
Air Magic      | 1 2 3 4 5 6 |  6.1
Earth Magic    | 1 2 3 4 5 6 |  6.1
Poison Magic   | 1 2 3 4 5 6 |  6.1
Dodging        | 3 4 5 6 7 |  7.8
Invocations    | 5 6 7 8 9 |  9.3
Axes           | 5 6 7 8 |  8.7
Armour         | 5 6 7 8 |  8.7
Fighting       | 7 8 9 |  9.9

Action                   |  1- 3 |  4- 6 |  7- 9 | 10-12 || total
-------------------------+-------+-------+-------+-------++-------
Melee: Hand axe          |   132 |   128 |   269 |   687 ||  1216
       Bite              |    13 |    12 |    36 |    93 ||   154
       Punch             |       |       |     4 |    22 ||    26
Throw: Dart              |       |     3 |    20 |    38 ||    61
Invok: Depart the Abyss  |     1 |       |       |       ||     1
       Banish            |       |       |       |    18 ||    18
       Bend Space        |       |       |       |     1 ||     1
Evoke: Wand              |       |     1 |     2 |     2 ||     5
  Use: Scroll            |     2 |    10 |     3 |     9 ||    24
       Potion            |     1 |       |       |     6 ||     7
Armor: Chain mail        |   130 |    62 |   194 |   288 ||   674
Dodge: Dodged            |    74 |    50 |   216 |   469 ||   809

Table legend: (Time is in decaauts)
 A = Elapsed time spent in this place.
 B = Non-inter-level travel time spent in this place.
 C = Inter-level travel time spent in this place.
 D = Time resting spent in this place.
 E = Time spent auto-exploring this place.
 F = Levels seen in this place.
 G = Mean time per level.
                   A        B        C        D        E       F      G
               +--------+--------+--------+--------+--------+-----+--------+
         Total |  16589 |  16303 |    286 |   2164 |  11242 |  14 | 1184.9 |
       Dungeon |  12484 |  12245 |    239 |    857 |   9199 |   9 | 1387.1 |
          Lair |   4010 |   3964 |     46 |   1307 |   1978 |   3 | 1336.7 |
         Abyss |     93 |     93 |      0 |      0 |     65 |   2 |   46.5 |
               +--------+--------+--------+--------+--------+-----+--------+

Top non-repeatable levels by time:
     D:9: 2441 daAuts
  Lair:1: 2326 daAuts
     D:6: 1755 daAuts
     D:8: 1737 daAuts
     D:2: 1637 daAuts
     D:5: 1612 daAuts
  Lair:2: 1047 daAuts
     D:7: 921 daAuts
     D:3: 857 daAuts
     D:1: 790 daAuts
     D:4: 730 daAuts
  Lair:3: 636 daAuts
 Abyss:2: 68 daAuts
 Abyss:1: 25 daAuts
